 Dungeon Crawl Stone Soup version 0.23-a0-417-gf02c810438 (webtiles) character file.

2317 Xesh the Unseen (level 9, 0/41 HPs)
             Began as a Spriggan Enchanter on Nov 11, 2018.
             Slain by a centaur (9 damage)
             ... on level 7 of the Dungeon.
             The game lasted 00:20:25 (9565 turns).

Xesh the Unseen (Spriggan Enchanter)                Turns: 9565, Time: 00:20:26

Health: 0/41       AC:  4    Str:  6    XL:     9   Next: 18%
Magic:  18/18      EV: 19    Int: 26    God:
Gold:   509        SH:  0    Dex: 16    Spells: 7/19 levels left

rFire    . . .     SeeInvis +   t - +3 dagger (venom)
rCold    . . .     Gourm    .   (shield restricted)
rNeg     . . .     Faith    .   b - +1 robe
rPois    .         Spirit   .   (helmet restricted)
rElec    .         Reflect  .   w - +0 cloak
rCorr    .         Harm     .   (gloves unavailable)
MR       +....                  (boots unavailable)
Stlth    ++++++....             (no amulet)
HPRegen  0.13/turn              k - +3 ring of intelligence
MPRegen  0.16/turn              m - +5 ring of intelligence

@: very quick
A: very small, unfitting armour, see invisible, herbivore, speed 3, slow
metabolism 2
a: no special abilities


You were on level 7 of the Dungeon.
You were not hungry.

You visited 1 branch of the dungeon, and saw 8 of its levels.

You collected 509 gold pieces.

Inventory:

Hand Weapons
 t - a +3 dagger of venom (weapon)
 v - a +0 shortbow
 y - a +0 rapier
Missiles
 e - 91 arrows
 q - 41 bolts
Armour
 b - a +1 robe (worn)
 w - a +0 cloak (worn)
Jewellery
 k - a +3 ring of intelligence (left hand)
 m - a +5 ring of intelligence (right hand)
 n - an uncursed ring of protection from magic
Wands
 u - a wand of polymorph (7)
 x - a wand of digging (4)
Scrolls
 s - a scroll of immolation
 z - 2 scrolls of remove curse
Potions
 c - 2 potions of resistance
 f - 2 potions of might
 g - a potion of magic
 h - 2 potions of invisibility {unknown}
 i - a potion of flight {unknown}
 j - 4 potions of haste
 l - a potion of curing
 o - a potion of heal wounds {unknown}
 p - a potion of brilliance {unknown}
 r - 2 potions of degeneration {unknown}
Comestibles
 d - 9 rations


   Skills:
 + Level 1.3 Fighting
 + Level 2.3 Short Blades
 + Level 4.1 Dodging
 + Level 15.3 Stealth
 + Level 5.6 Spellcasting
 + Level 6.2 Hexes


You had 7 spell levels left.
You knew the following spells:

 Your Spells              Type           Power        Failure   Level  Hunger
a - Ensorcelled Hibernat  Hex/Ice        ###...       3%          2    None
b - Corona                Hex            #####..      1%          1    None
c - Confuse               Hex            #####...     1%          3    #......
d - Tukima's Dance        Hex            #####...     1%          3    #......
e - Dazzling Spray        Conj/Hex       ###...       6%          3    #......

Your spell library contained the following spells:

 Spells                   Type           Power        Failure   Level  Hunger
 Summon Guardian Golem    Hex/Summ       ###.....     6%          3    #......
 Summon Small Mammal      Summ           #...         7%          1    None
 Call Imp                 Summ           #.......     11%         2    None
 Call Canine Familiar     Summ           #.......     22%         3    #......
 Summon Ice Beast         Ice/Summ       #.......     56%         4    ###....
 Summon Lightning Spire   Summ/Air       #.......     56%         4    ###....


Dungeon Overview and Level Annotations

Branches:
Dungeon (8/15)
 Temple: D:4-7         Lair: D:8-11

Altars:
Cheibriados
Hepliaklqana
Kikubaaqudgha
Okawaru
Qazlal
Sif Muna
Uskayaw
Vehumet
Wu Jian
The Shining One

Annotations:
D:8 Joseph, Psyche


Innate Abilities, Weirdness & Mutations

You are very small and have problems with some larger weapons.
You are too small for most types of armour.
You have supernaturally acute eyesight. (SInv)
You are a herbivore.
You cover ground extremely quickly.
You need to consume almost no food.


Message History

The hound bites you.
* * * LOW HITPOINT WARNING * * *
Evoke which item? (* to show all) (? for menu, Esc to quit)
Aiming: Polymorph
Press: ? - help, Shift-Dir - straight line, f/p - hound
Aim: a hound (chance to defeat MR: 54%)
The hound evaporates and reforms as a centaur!
The centaur closely misses you.
You hit the centaur but do no damage. The centaur barely misses you.
You hit the centaur.
The centaur is poisoned.
The centaur is lightly wounded.
The centaur barely misses you.
You hit the centaur but do no damage.
The centaur looks as sick as possible!
The centaur is lightly wounded.
The centaur completely misses you. The centaur hits you.
* * * LOW HITPOINT WARNING * * *
You feel better. The centaur hits you.
* * * LOW HITPOINT WARNING * * *
Magic courses through your body. The centaur hits you!
You die...

#.#......###
...........#
#.#...)....# #
..........)#.#
#.#........#.#
### ##
..)........#.#
+.# .
#####......#.#
#.#.#
########.#
#c#.# ###
......# #@#.#
..#
########.#.#.#
#.#
.[....#.#.#
#.#
.M......#.#
#.# #
......#.#.#
#.#.#
..........#
#.#.#
.....#.#.##
#.#.####
####.#.#.#
#.#.#..# #
#.#.#


You could see a centaur.

Vanquished Creatures
  Prince Ribbit (D:7)
  A slime creature (D:7)
  Menkaure (D:7)
  An ice beast (D:6)
  A phantom (D:6)
  2 ogres (D:6)
  2 centaurs
  A big kobold (D:8)
  2 bullfrogs
  A scorpion (D:5)
  A howler monkey (D:5)
  4 crimson imps
  An orc priest (D:5)
  A centaur skeleton (D:6)
  3 hounds
  An iguana (D:5)
  7 jellies
  3 orc wizards
  3 worker ants
  A worker ant zombie (D:6)
  A howler monkey zombie (D:5)
  7 adders
  11 gnolls
  A shadow imp (D:6)
  12 oozes
  2 worms (D:3)
  A dart slug (D:4)
  6 leopard geckos
  9 orcs
  10 bats
  5 giant cockroaches
  11 goblins
  9 hobgoblins
  4 jackals
  4 quokkas
  3 ball pythons
  2 frilled lizards (D:1)
  A jackal skeleton (D:5)
  9 kobolds
  A leopard gecko skeleton (D:4)
  A quokka skeleton (D:2)
  5 rats
  A fungus (D:3)
154 creatures vanquished.

Vanquished Creatures (collateral kills)
  A gnoll (D:3)
1 creature vanquished.

Vanquished Creatures (others)
  An adder (D:3)
  An orc (D:3)
  A hobgoblin (D:3)
  A bat (D:3)
  6 fungi (D:7)
  4 toadstools (D:3)
14 creatures vanquished.

Grand Total: 169 creatures vanquished

Notes
Turn   | Place    | Note
-------+----------+-------------------------------------------
     0 | D:1      | Xesh the Spriggan Enchanter began the quest for the Orb.
     0 | D:1      | Reached XP level 1. HP: 9/9 MP: 5/5
   175 | D:1      | Reached XP level 2. HP: 13/13 MP: 7/7
   179 | D:1      | Learned a level 2 spell: Ensorcelled Hibernation
  1178 | D:1      | Reached XP level 3. HP: 16/16 MP: 6/9
  1183 | D:1      | Learned a level 3 spell: Confuse
  1187 | D:1      | Learned a level 3 spell: Tukima's Dance
  2515 | D:2      | Reached XP level 4. HP: 21/21 MP: 6/11
  2685 | D:3      | Found an iron altar of Okawaru.
  2798 | D:3      | Reached skill level 5 in Hexes
  3343 | D:3      | Found a radiant altar of Vehumet.
  3477 | D:3      | Learned a level 3 spell: Dazzling Spray
  3574 | D:3      | Found an ancient bone altar of Kikubaaqudgha.
  3777 | D:3      | Found a glowing golden altar of the Shining One.
  3779 | D:3      | Found a hide-covered altar of Uskayaw.
  4083 | D:3      | Reached XP level 5. HP: 14/24 MP: 4/13
  4085 | D:3      | Reached skill level 5 in Spellcasting
  4361 | D:3      | Found a hazy altar of Hepliaklqana.
  5039 | D:4      | Reached skill level 5 in Stealth
  5218 | D:4      | Found a snail-covered altar of Cheibriados.
  5357 | D:4      | Reached skill level 6 in Stealth
  5687 | D:4      | Reached XP level 6. HP: 28/28 MP: 11/14
  5690 | D:4      | Reached skill level 7 in Stealth
  6185 | D:5      | Entered Level 5 of the Dungeon
  6378 | D:5      | Reached skill level 8 in Stealth
  6569 | D:5      | Found a stormy altar of Qazlal.
  6761 | D:5      | Reached skill level 9 in Stealth
  6761 | D:5      | Reached XP level 7. HP: 21/32 MP: 10/15
  7042 | D:5      | Reached skill level 10 in Stealth
  7542 | D:5      | Reached skill level 11 in Stealth
  8024 | D:6      | Found an ornate altar of the Wu Jian Council.
  8052 | D:6      | Reached skill level 12 in Stealth
  8062 | D:6      | Reached XP level 8. HP: 31/36 MP: 5/16
  8239 | D:6      | Reached skill level 13 in Stealth
  8348 | D:6      | Found a stormy altar of Qazlal.
  8572 | D:6      | Found a deep blue altar of Sif Muna.
  8774 | D:7      | Reached skill level 14 in Stealth
  8951 | D:7      | Noticed Prince Ribbit
  8956 | D:7      | Killed Prince Ribbit
  8956 | D:7      | Reached skill level 15 in Stealth
  9238 | D:7      | Noticed a slime creature
  9255 | D:7      | Killed a slime creature
  9269 | D:7      | Reached XP level 9. HP: 39/40 MP: 7/18
  9292 | D:8      | Noticed Joseph
  9292 | D:8      | Noticed Psyche
  9293 | D:8      | Reached skill level 1 in Fighting
  9539 | D:7      | Noticed Menkaure
  9556 | D:7      | Killed Menkaure
  9565 | D:7      | Slain by a centaur

Vault maps used:
D:1:      dpeg_arrival_round_c
D:2:      minmay_tiny_reverse_x
D:3:      old_standard_altar, okawaru_trees_1, fiery_altar_vehumet,
          nicolae_overflow_hidden_temple, lemuel_coloured_pillars_altar,
          first_ration, minmay_gold_behind_fungi,
          minmay_randomly_rotated_circles
D:4:      kennysheep_slug_shrine, kennysheep_generic_room_10
D:5:      lemuel_doored_altar
D:6:      overflow_temple_1_default, basic_altar, tgw_sif
D:7:      lemuel_slime, temple_hall, serial_co_window_serial,
          co_window_corner_a, co_window_paths_a, co_window_paths_a,
          co_window_corner_a, co_window_corner_a, co_window_corner_cb,
          co_window_broadway_a, co_window_2corner, co_window_unsneaky_path_c,
          co_window_paths_c, co_window_2corner, co_window_paths_c,
          glass_columns_b, glass_columns_a, glass_columns_b, uniq_menkaure,
          uniq_prince_ribbit1
D:8:      grunt_lair_entry_orc_guard_hut, uniq_joseph, uniq_psyche, uniq_grum

Skill      XL: |  1  2  3  4  5  6  7  8  9 |
---------------+----------------------------+-----
Spellcasting   | 3 4 5 |  5.6
Hexes          | 4 5 6 |  6.2
Stealth        | 6 9 12 15 | 15.3
Fighting       | 1 |  1.3
Short Blades   | 2 |  2.3
Dodging        | 4 |  4.1

Action                   |  1- 3 |  4- 6 |  7- 9 || total
-------------------------+-------+-------+-------++-------
Melee: Dagger            |    96 |   232 |   141 ||   469
 Cast: Corona            |     2 |       |       ||     2
       Ensorcelled Hiber |    23 |    75 |    32 ||   130
       Dazzling Spray    |       |     5 |    10 ||    15
       Confuse           |       |     3 |     9 ||    12
       Tukima's Dance    |       |     1 |     1 ||     2
Evoke: Wand              |       |       |     1 ||     1
  Use: Scroll            |     4 |     7 |     3 ||    14
       Potion            |       |       |     2 ||     2
 Stab: Sleeping          |    26 |    40 |    25 ||    91
       Invisible         |       |     1 |     2 ||     3
       Confused          |       |       |     5 ||     5
       Distracted        |       |       |     1 ||     1
  Eat: Ration            |       |     3 |     1 ||     4
Armor: Robe              |    10 |    24 |    13 ||    47
Dodge: Dodged            |    85 |   226 |   128 ||   439

Table legend:
 A = Non-vault XP
 B = Vault XP
 C = Vault XP percentage of total XP
 D = Non-vault monster count
 E = Vault monster count
 F = Vault count percentage of total count
                 A         B        C        D         E       F
            +---------+---------+-------+---------+---------+-------
      Total |    2237 |    1073 |  32.4 |     125 |      29 |  18.8
            +---------+---------+-------+---------+---------+-------
        D:1 |      44 |       0 |   0.0 |      23 |       0 |   0.0
        D:2 |      41 |      16 |  28.1 |      13 |       2 |  13.3
        D:3 |     140 |      32 |  18.6 |      29 |       8 |  21.6
        D:4 |     155 |       4 |   2.5 |      13 |       1 |   7.1
        D:5 |     627 |       0 |   0.0 |      20 |       0 |   0.0
        D:6 |     780 |      37 |   4.5 |      15 |       1 |   6.2
        D:7 |     355 |     984 |  73.5 |      11 |      17 |  60.7
        D:8 |      95 |       0 |   0.0 |       1 |       0 |   0.0
            +---------+---------+-------+---------+---------+-------
